 Dungeon Crawl Stone Soup version 0.31.0-11-ge490571c62 (webtiles) character file.

Game seed: 6564604979165483064

140 qw the Shooter (level 5, 0/26 HPs)
             Began as a Spriggan Hunter on Feb 4, 2024.
             Slain by a gnoll
             ... wielding a +0 spear
              (3 damage)
             ... on level 3 of the Dungeon.
             The game lasted 00:00:08 (1851 turns).

qw the Shooter (Spriggan Hunter)                    Turns: 1851, Time: 00:00:09

Health: 0/26       AC:  2    Str:  7    XL:     5   Next: 2%
Magic:  6/6        EV: 20    Int: 11    God:
Gold:   87         SH:  0    Dex: 20    Spells: 4/4 levels left

rFire   . . .        a - +1 shortbow (freeze)
rCold   . . .        (shield currently unavailable)
rNeg    . . .        c - +0 robe
rPois   .            (helmet restricted)
rElec   .            (no cloak)
rCorr   .            (gloves unavailable)
SInv    +            (boots unavailable)
Will    .....        d - amulet of regeneration
Stlth   ++           (no ring)
HPRegen 1.04/turn    (no ring)
MPRegen 0.10/turn

%: no passive effects
@: very quick
A: very small, no large weapons, unfitting armour, see invisible, speed 3
a: no special abilities


You were on level 3 of the Dungeon.
You visited 1 branch of the dungeon, and saw 3 of its levels.

You collected 87 gold pieces.


Innate Abilities, Weirdness & Mutations

You are very small and have problems with some larger weapons.
You are too small for most types of armour.
You have supernaturally acute eyesight. (SInv)
You cover ground extremely quickly. (Speed+++)


   Skills:
 - Level 2.0 Fighting
 + Level 5.2 Ranged Weapons
 - Level 5.0 Dodging
 - Level 1.5 Stealth


You had 4 spell levels left.
You didn't know any spells.
Your spell library was empty.

Inventory:

Hand Weapons
 a - a +1 shortbow of freezing (weapon)
Armour
 c - a +0 robe (worn)
Jewellery
 d - an amulet of regeneration (around neck)
Wands
 e - a wand of mindburst (24)
Scrolls
 g - a scroll of identify
Potions
 b - 2 potions of might {unknown}
 f - a potion of enlightenment
 i - a potion of lignification {unknown}

Dungeon Overview and Level Annotations

Branches:
Dungeon (3/15)

Altars:


Message History

The goblin shoots a sling bullet.
The sling bullet completely misses you.
A gnoll comes into view. It is wielding a +0 club.
The gnoll hits you from afar with a +0 spear!
You have reached level 5!
You feel clever.
You shoot an arrow. The arrow barely misses the goblin.
The arrow hits the hobgoblin.
The arrow freezes the hobgoblin.
The hobgoblin is almost dead.
The goblin shoots a sling bullet.
The sling bullet closely misses you.
The goblin shoots a sling bullet.
The sling bullet misses you.
The gnoll hits you from afar with a +0 spear!
You shoot an arrow. The arrow barely misses the goblin.
The goblin shoots a sling bullet.
The sling bullet barely misses you. The gnoll closely misses you.
The goblin unwields a +0 sling.
The goblin misses you. The goblin hits you with a +0 club.
The gnoll misses you.
You shoot an arrow. The arrow closely misses the goblin.
The arrow closely misses the hobgoblin.
The goblin unwields a +0 sling.
The goblin closely misses you. The gnoll barely misses you.
The goblin misses you. The goblin closely misses you.
You shoot an arrow. The arrow hits the goblin.
The arrow freezes the goblin.
You kill the goblin!
The gnoll barely misses you. The goblin hits you but does no damage.
The goblin misses you.
You shoot an arrow.
The arrow hits the hobgoblin but does no damage.
The hobgoblin is almost dead.
The goblin misses you. The hobgoblin completely misses you.
The gnoll misses you. The goblin barely misses you.
The goblin hits you but does no damage.
You shoot an arrow. The arrow hits the hobgoblin.
The arrow freezes the hobgoblin.
You kill the hobgoblin!
The goblin completely misses you.
The gnoll hits you from afar with a +0 spear!
The goblin misses you. The goblin closely misses you.
You shoot an arrow. The arrow hits the goblin!
The arrow freezes the goblin.
You kill the goblin!
The goblin closely misses you. The goblin hits you but does no damage.
The gnoll hits you from afar with a +0 spear.
You die...

######################
.....)#..............#
......)).......gggg..#
#######.........@ggg.# '
..........########.)....
..........# )....
..........######## ....
#######........... ##'
...).))...........
...)..#...........
######################
~~~~~~~~~~~~~~~~~~~~~##


You could see 2 gnolls, a hobgoblin and 4 goblins.

Vanquished Creatures
  2 adders
  3 gnolls (D:3)
  A dart slug (D:1)
  5 ball pythons
  2 bats (D:1)
  7 endoplasms
  3 giant cockroaches
  21 goblins
  15 hobgoblins
  4 jackals (D:1)
  3 quokkas (D:1)
  4 frilled lizards
  5 kobolds
  5 rats
80 creatures vanquished.

Notes
Turn   | Place    | Note
-------+----------+-------------------------------------------
     0 | D:1      | qw the Spriggan Hunter began the quest for the Orb.
     0 | D:1      | Reached XP level 1. HP: 10/10 MP: 2/2
     0 | D:1      | 0 ||| qw: Version: 0.3-a-160-g6735b56
     0 | D:1      | 0 ||| qw: Game counter: 4346
     0 | D:1      | 0 ||| qw: Melee chars always use a shield: true
     0 | D:1      | 0 ||| qw: God list: Okawaru
     0 | D:1      | 0 ||| qw: Allow faded altars: false
     0 | D:1      | 0 ||| qw: Do Orc after clearing Dungeon:15 true
     0 | D:1      | 0 ||| qw: Do second Lair branch before Depths: true
     0 | D:1      | 0 ||| qw: Lair rune preference: random
     0 | D:1      | 0 ||| qw: Goals: Normal
     0 | D:1      | 0 ||| PLANNING D:1-11
    35 | D:1      | Reached skill level 3 in Dodging
    40 | D:1      | Found a faded altar of an unknown god.
    93 | D:1      | Reached XP level 2. HP: 11/14 MP: 3/3
   386 | D:1      | Reached XP level 3. HP: 18/18 MP: 4/4
   739 | D:1      | 739 ||| READING scroll labelled RIUSTR GUCSI.
   739 | D:1      | 739 ||| ENCHANTING +0 shortbow.
   740 | D:1      | 740 ||| READING scroll labelled GEECUKK TISORCH.
   741 | D:1      | 741 ||| DROPPING scroll of butterflies.
   752 | D:2      | 752 ||| STAIRDANCE
   894 | D:2      | Reached XP level 4. HP: 22/22 MP: 5/5
  1182 | D:2      | 1182 ||| UPGRADING to amulet of regeneration.
  1187 | D:2      | 1187 ||| READING scroll labelled ESAUVE ZUWALUA.
  1187 | D:2      | 1187 ||| IDENTIFYING brown potion
  1188 | D:2      | 1188 ||| READING scroll labelled NIGUALI POAC.
  1189 | D:2      | 1189 ||| READING scroll labelled ILUREAPAKA.
  1189 | D:2      | 1189 ||| BRANDING +1 shortbow.
  1190 | D:2      | 1190 ||| READING scroll labelled TOUHIF HUTYRI.
  1291 | D:2      | 1291 ||| DRINKING 2 purple potions.
  1292 | D:2      | 1292 ||| DROPPING potion of magic.
  1467 | D:3      | Identified the +6 trident of Ufuabb {drain, rF+ Will-
                  | Dex+6}
  1845 | D:3      | Reached XP level 5. HP: 14/26 MP: 6/6
  1846 | D:3      | HP: 5/26 [goblin/+0 club (4)]
  1850 | D:3      | HP: 1/26 [gnoll/+0 spear (8)]
  1851 | D:3      | Slain by a gnoll

Levels and vault maps discovered:
D:1:      ebering_trefoil_3fold, layout_basic, nicolae_ecumenical_snake_handling
D:2:      layout_rooms, grunt_ministairs_3
D:3:      minmay_goblin_kobold_castle, layout_basic

Skill      XL: |  1  2  3  4 |
---------------+-------------+-----
Dodging        | 3 4 5 |  5.0
Ranged Weapons | 5 |  5.2
Fighting       | 2 |  2.0
Stealth        | |  1.5

Action                     |  1- 3 |  4- 6 || total
---------------------------+-------+-------++-------
   Fire: Shortbow          |   104 |    85 ||   189
    Use: Scroll            |     2 |     4 ||     6
         Potion            |       |     1 ||     1
 Armour: Robe              |     8 |    19 ||    27
  Dodge: Dodged            |    32 |    61 ||    93

Table legend:
 A = Non-vault XP
 B = Vault XP
 C = Vault XP percentage of total XP
 D = Non-vault monster count
 E = Vault monster count
 F = Vault count percentage of total count
                 A         B        C        D         E       F
            +---------+---------+-------+---------+---------+-------
      Total |     120 |      83 |  40.9 |      54 |      26 |  32.5
            +---------+---------+-------+---------+---------+-------
        D:1 |      74 |       0 |   0.0 |      35 |       0 |   0.0
        D:2 |      31 |       3 |   8.8 |      11 |       2 |  15.4
        D:3 |      15 |      80 |  84.2 |       8 |      24 |  75.0
            +---------+---------+-------+---------+---------+-------
